 Dungeon Crawl Stone Soup version 0.31-a0-865-g3d5d91748a (webtiles) character file.

Game seed: 3964880717442154501

1026 MachoJfn the Magician (level 8, 0/39 (41) HPs)
             Began as a Deep Elf Summoner on Oct 9, 2023.
             Was a Priest of Wu Jian.
             Slain by a wight
             ... wielding a +4 long sword
              (4 damage)
             ... on level 6 of the Dungeon on Oct 10, 2023.
             The game lasted 00:20:07 (5738 turns).

MachoJfn the Magician (Deep Elf Summoner)           Turns: 5738, Time: 00:20:08

HP:   0/39 (41)     AC:  7    Str:  5    XL:     8   Next: 2%
MP:   12/21         EV: 13    Int: 23    God:    Wu Jian [***...]
Gold: 308           SH:  0    Dex: 15    Spells: 15/22 levels left

rFire   + . .        E - +2 dagger (drain)
rCold   + . .        (no shield)
rNeg    . . .        a - +0 robe
rPois   +            A - +0 mask of the Dragon {Will+ Slay+3 SInv}
rElec   +            (no cloak)
rCorr   +            (no gloves)
SInv    +            m - +0 pair of boots
Will    +....        C - amulet of the acrobat
Stlth   +++          f - +4 ring of protection
HPRegen 0.26/turn    j - +4 ring of slaying
MPRegen 0.17/turn

%: acrobat
@: resistant, marked, lightly drained
A: no striking features
a: Renounce Religion, Wall Jump, Serpent's Lash


You were on level 6 of the Dungeon.
You worshipped Wu Jian.
Wu Jian was most pleased with you.
You visited 1 branch of the dungeon, and saw 6 of its levels.

You collected 308 gold pieces.

Inventory:

Hand Weapons
 E - a +2 dagger of draining (weapon)
Missiles
 i - 67 stones
 u - 6 poisoned darts (quivered)
Armour
 a - a +0 robe (worn)
 m - a +0 pair of boots (worn)
 p - a +1 helmet
 A - the +0 mask of the Dragon (worn) {Will+ Slay+3 SInv}
   (You found it on level 4 of the Dungeon)

   Slay+3:    It affects your accuracy & damage with ranged weapons and melee
   (+3).
   Will+:     It increases your willpower.
   SInv:      It lets you see invisible.
Jewellery
 f - a +4 ring of protection (left hand)
 j - a +4 ring of slaying (right hand)
 C - an amulet of the acrobat (around neck)
 F - a ring of see invisible
Scrolls
 k - a scroll of noise {unknown}
 n - a scroll of brand weapon {unknown}
 q - 2 scrolls of vulnerability {unknown}
 s - 3 scrolls of teleportation
 t - a scroll of amnesia {unknown}
 x - a scroll of immolation {unknown}
 y - 2 scrolls of fear {unknown}
 B - 2 scrolls of fog {unknown}
 D - a scroll of torment {unknown}
Potions
 b - 2 potions of magic
 c - 2 potions of lignification {unknown}
 d - 3 potions of enlightenment
 e - 3 potions of degeneration {unknown}
 g - 2 potions of attraction {unknown}
 h - a potion of mutation {unknown}
 l - 3 potions of brilliance {unknown}
 o - 3 potions of ambrosia
 r - 2 potions of curing {unknown}
 v - a potion of haste {unknown}
 w - a potion of heal wounds {unknown}


   Skills:
 - Level 0.1 Fighting
 + Level 1.2 Short Blades
 + Level 0.1 Maces & Flails
 + Level 1.8 Polearms
 + Level 3.3 Dodging
 + Level 4.3 Stealth
 - Level 0.1 Unarmed Combat
 + Level 7.7 Spellcasting
 + Level 1.7 Hexes
 + Level 7.5 Summonings


You had 15 spell levels left.
You knew the following spells:

 Your Spells              Type           Power      Damage    Failure   Level
a - Summon Small Mammal   Summ           100%       N/A       1%          1
b - Call Canine Familiar  Summ           43%        N/A       1%          3
c - Summon Guardian Gole  Hex/Summ       30%        N/A       3%          3

Your spell library contained the following spells:

 Spells                   Type           Power      Damage    Failure   Level
 Call Imp                 Summ           86%        N/A       1%          2
 Summon Lightning Spire   Summ/Air       26%        N/A       16%         4


Dungeon Overview and Level Annotations

Branches:
Dungeon (6/15)
 Temple: D:4-7

Altars:
Wu Jian
Yredelemnul

Annotations:
D:3 3 runed translucent doors, Ijyb; mortress's ghost, amateur DsNe


Message History

The sky beast is severely wounded.
The hound bites your guardian golem but does no damage.
The hound enters a dispersal trap!
The hound blinks!
Your guardian golem blinks!
The hound blinks!
The wight blinks!
The wight completely misses your wolf. The sky beast hits you.
The sky beast shocks you.
It was a potion of resistance.
You feel protected.
The wight hits your wolf with a +4 long sword.
The sky beast hits you but does no damage.
You barely miss the sky beast.
The sky beast is severely wounded.
The wight hits your wolf with a +4 long sword.
The sky beast closely misses you.
You feel protected. The wight closely misses your wolf.
The sky beast hits you but does no damage.
You puncture the sky beast!
The sky beast is almost dead.
The wight hits your wolf with a +4 long sword!
Your wolf dies!
Your wolf's corpse disappears in a puff of smoke!
The sky beast closely misses you.
You hit the sky beast.
You kill the sky beast!
The Council accepts your kill.
Your quokka closely misses the wight.
A howler monkey comes into view.
Your quokka bites the wight but does no damage.
You have reached level 8!
You feel clever.
Casting: Summon Small Mammal (safe; 1% risk of failure)
Confirm with . or Enter, or press ? or * to list all spells.
Nothing appears to happen.
The scorpion enters a dispersal trap!
The hound blinks! x2; The wight blinks!
The howler monkey barely misses your quokka.
The wight hits you with a +4 long sword!
* * * LOW HITPOINT WARNING * * *
You feel drained.
You die...

#§..#
##z#.#
#..#.#
###..#.#
#..sh#.#
#.§##.#.#
#..#
#§#.# #§#
#s#.# ...
#@#)# #Y#
#z#)# ..
hr#.#
####.#
#<# ###


You could see a scorpion, a howler monkey, a wight (ally target) and a friendly
quokka (summoned, sheltered).

Vanquished Creatures
  A sky beast (D:6)
  A scorpion (D:5)
  4 hounds
  A jelly (D:5)
  A worm (D:3)
  2 orcs
  2 bats
  2 endoplasms (D:4)
  2 giant cockroaches
  A goblin (D:1)
  3 hobgoblins
  3 jackals (D:5)
  2 quokkas
  3 ball pythons
  2 frilled lizards (D:3)
  A kobold (D:1)
  3 rats
34 creatures vanquished.

Vanquished Creatures (collateral kills)
  Sigmund (D:3)
  2 scorpions (D:5)
  A jelly (D:6)
  3 iguanas (D:5)
  A sleepcap (D:5)
  An orc wizard (D:3)
  3 adders
  An ufetubus (D:5)
  A worm (D:4)
  5 dart slugs
  11 orcs
  7 endoplasms
  A giant cockroach (D:1)
  6 goblins
  5 hobgoblins
  2 jackals (D:2)
  2 quokkas
  6 ball pythons
  3 bats (D:1)
  3 frilled lizards
  5 kobolds
  A rat (D:1)
71 creatures vanquished.

Vanquished Creatures (others)
  An ogre (D:4)
  A scorpion (D:4)
2 creatures vanquished.

Grand Total: 107 creatures vanquished

Notes
Turn   | Place    | Note
-------+----------+-------------------------------------------
     0 | D:1      | MachoJfn the Deep Elf Summoner began the quest for the Orb.
     0 | D:1      | Reached XP level 1. HP: 10/10 MP: 6/6
    47 | D:1      | Upgraded the game from 0.31-a0-859-g9dce7d3444 to
                  | 0.31-a0-865-g3d5d91748a
   168 | D:1      | Reached XP level 2. HP: 15/15 MP: 2/8
   399 | D:1      | Found a faded altar of an unknown god.
   406 | D:1      | Prayed at the altar of an unknown god.
   406 | D:1      | Became a worshipper of the Wu Jian Council
   406 | D:1      | Reached * piety under Wu Jian
   411 | D:1      | Reached skill level 5 in Summonings
   515 | D:1      | Reached XP level 3. HP: 5/19 MP: 10/10
  1002 | D:2      | Learned a level 3 spell: Call Canine Familiar
  1372 | D:2      | Reached ** piety under Wu Jian
  2241 | D:3      | Reached XP level 4. HP: 24/24 MP: 11/11
  2366 | D:3      | Noticed Ijyb
  2527 | D:3      | Found a runed translucent gate.
  2528 | D:3      | Found a runed translucent gate.
  2529 | D:3      | Found a runed translucent gate.
  2531 | D:3      | Noticed mortress's ghost (amateur DsNe)
  2532 | D:3      | Identified the +5 scale mail of Gozag's Wrath {rPois MP+9
                  | SInv}
  2554 | D:3      | Found a basalt altar of Yredelemnul.
  2589 | D:3      | Noticed Sigmund
  2600 | D:3      | Killed Sigmund
  2601 | D:3      | Reached skill level 1 in Polearms
  2601 | D:3      | Reached skill level 5 in Spellcasting
  2601 | D:3      | Reached XP level 5. HP: 10/28 MP: 8/14
  2825 | D:3      | Learned a level 3 spell: Summon Guardian Golem
  2863 | D:3      | Reached XP level 6. HP: 32/32 MP: 9/15
  3003 | D:3      | You fall into a shaft and drop 3 floors!
  3167 | D:5      | Entered Level 5 of the Dungeon
  3377 | D:4      | Reached XP level 7. HP: 36/36 MP: 9/18
  3647 | D:4      | Reached *** piety under Wu Jian
  3760 | D:4      | Found the +0 mask of the Dragon {Will+ Slay+3 SInv}
  4414 | D:5      | Reached skill level 1 in Hexes
  5193 | D:5      | Identified a scroll of acquirement
  5194 | D:5      | Acquired a +4 ring of slaying
  5729 | D:6      | Reached skill level 1 in Short Blades
  5738 | D:6      | Reached XP level 8. HP: 15/41 MP: 15/21
  5738 | D:6      | Slain by a wight

Illustrated notes

Levels and vault maps discovered:
D:1:      minmay_arrival_split_and_join, layout_basic,
          nicolae_ecumenical_snake_handling, minmay_box_of_dots
D:2:      layout_loops_corners, kennysheep_cross_bottleneck,
          minmay_crystal_room, minmay_misc_feat_ornament, minmay_3d_cube
D:3:      layout_loops_ring, mainiacjoe_overflow_six_doors_small,
          biasface_ghost_orc_armoury, uniq_sigmund, uniq_ijyb
D:4:      layout_loops_ring
D:5:      layout_basic
D:6:      minmay_bubble_buster, layout_basic, nicolae_overflow_crystal_walls,
          dk_vineyard_3

Skill      XL: |  1  2  3  4  5  6  7 |
---------------+----------------------+-----
Summonings     | 5 6 7 |  7.5
Stealth        | 3 4 |  4.3
Spellcasting   | 5 6 7 |  7.7
Polearms       | 1 |  1.8
Dodging        | 3 |  3.3
Hexes          | 1 |  1.7
Short Blades   | 1 |  1.2
Fighting       | |  0.1
Maces & Flails | |  0.1
Unarmed Combat | |  0.1

Action                     |  1- 3 |  4- 6 |  7- 9 || total
---------------------------+-------+-------+-------++-------
  Melee: Unarmed           |     6 |       |       ||     6
         Club              |    41 |       |       ||    41
         Spear             |    25 |    25 |    31 ||    81
         Short sword       |     1 |       |       ||     1
         Dagger            |       |       |    33 ||    33
         Punch             |       |       |     1 ||     1
   Cast: Summon Small Mamm |    45 |    16 |     7 ||    68
         Call Canine Famil |     6 |    17 |    18 ||    41
         Summon Guardian G |       |     5 |    10 ||    15
Ability: Wall Jump         |       |     2 |     2 ||     4
         Whirlwind         |       |     2 |     5 ||     7
         Lunge             |       |       |     3 ||     3
    Use: Scroll            |       |       |     5 ||     5
         Potion            |       |       |     2 ||     2
   Stab: Sleeping          |     3 |     1 |     1 ||     5
         Distracted        |       |     1 |       ||     1
 Armour: Robe              |    78 |    10 |    46 ||   134
  Dodge: Dodged            |    80 |    17 |    50 ||   147

Table legend: (Time is in decaauts)
 A = Elapsed time spent in this place.
 B = Non-inter-level travel time spent in this place.
 C = Inter-level travel time spent in this place.
 D = Time resting spent in this place.
 E = Time spent auto-exploring this place.
 F = Levels seen in this place.
 G = Mean time per level.
                   A        B        C        D        E       F      G
               +--------+--------+--------+--------+--------+-----+--------+
         Total |   5753 |   5397 |    356 |    572 |   3675 |   6 |  958.8 |
       Dungeon |   5753 |   5397 |    356 |    572 |   3675 |   6 |  958.8 |
               +--------+--------+--------+--------+--------+-----+--------+

Top non-repeatable levels by time:
     D:5: 1388 daAuts
     D:2: 1214 daAuts
     D:4: 1110 daAuts
     D:1: 1006 daAuts
     D:3: 797 daAuts
     D:6: 236 daAuts
